 Dungeon Crawl Stone Soup version 0.23-a0-703-gdf2d5e0dd9 (webtiles) character file.

261507 Morbidden the Brawler (level 19, -1/192 HPs)
             Began as a Troll Fighter on Jan 14, 2019.
             Was a High Priest of Wu Jian.
             Slain by a spriggan berserker
             ... wielding a +2 antimagic war axe
              (29 damage)
             ... on level 2 of the Depths.
             The game lasted 02:37:25 (32057 turns).

Morbidden the Brawler (Troll Fighter)              Turns: 32057, Time: 02:37:26

Health: -1/192     AC: 10    Str: 35    XL:     19   Next: 58%
Magic:  2/23       EV: 20    Int:  5    God:    Wu Jian [*****.]
Gold:   3484       SH: 29    Dex: 28    Spells: 25/25 levels left

rFire    + . .     SeeInvis .     - Unarmed
rCold    . . .     Gourm    +   i - +1 large shield {rPois}
rNeg     . . .     Faith    .   S - +4 troll leather armour
rPois    +         Spirit   .   h - +1 hat "Abitaum" {rElec Int-2 Dex+6 Stlth+}
rElec    +         Reflect  +   m - scarf {cloud immunity}
rCorr    .         Harm     .   (gloves unavailable)
MR       ++...                  (boots unavailable)
Stlth    +++.......             r - amulet "Sefus" {Reflect Fragile Dex+9 SH+5}
HPRegen  1.22/turn              Z - ring of the Rabble {MR+ Dex+4 Stlth+}
MPRegen  0.18/turn              Y - ring "Wimaoq" {rElec rF+ Int+3 Slay+1}

@: glowing, studying Stealth, heavenly storm
A: large, unfitting armour, claws 3, deformed body, fast metabolism 3, gourmand,
regeneration 1, shaggy fur 1, tough skin 2
}: 1/15 runes: gossamer
a: Wall Jump, Serpent's Lash, Heavenly Storm, Renounce Religion


You were on level 2 of the Depths.
You worshipped Wu Jian.
Wu Jian was extremely pleased with you.
You were not hungry.

You visited 7 branches of the dungeon, and saw 32 of its levels.
You also visited: Bailey, Gauntlet, Ice Cave and Desolation.

You collected 3484 gold pieces.

Inventory:

Hand Weapons
 a - the +12 Vampire's Tooth {vamp}
   (You found it on level 2 of the Depths)

   It inflicts no extra harm, but heals its wielder when it wounds a living foe.
Missiles
 l - 18 javelins of returning
 s - 37 javelins
 B - 48 tomahawks (quivered)
 D - 30 large rocks
 K - 2 throwing nets
Armour
 h - the +1 hat "Abitaum" (worn) {rElec Int-2 Dex+6 Stlth+}
   (You found it in a Gauntlet)

   It affects your intelligence (-2).
   It affects your dexterity (+6).
   It insulates you from electricity.
   It makes you more stealthy.
 i - a +1 large shield of poison resistance (worn)
 m - a scarf of cloud immunity (worn)
 x - a +2 cloak of cold resistance
 H - +0 fire dragon scales
 O - a +1 robe of cold resistance
 P - a +2 robe of magic resistance
 S - a +4 troll leather armour (worn)
Jewellery
 r - the amulet "Sefus" (around neck) {Reflect Fragile Dex+9 SH+5}
   (You found it on level 4 of the Dungeon)

   [amulet of reflection]

   It shields you and reflects attacks.
   It affects your dexterity (+9).
   It will be destroyed if unequipped.
   It affects your SH (+5).
 v - an uncursed ring of protection from fire
 C - the ring "Uteek" {MR+ Int+3}
   (You found it in a Gauntlet)

   [ring of protection from magic]

   It affects your intelligence (+3).
   It affects your resistance to hostile enchantments.
 Y - the ring "Wimaoq" (right claw) {rElec rF+ Int+3 Slay+1}
   (You found it in the Desolation of Salt)

   [ring of slaying]

   It affects your intelligence (+3).
   It affects your accuracy and damage with ranged weapons and melee attacks
   (+1).
   It protects you from fire.
   It insulates you from electricity.
 Z - the ring of the Rabble (left claw) {MR+ Dex+4 Stlth+}
   (You found it in the Desolation of Salt)

   [ring of protection from magic]

   It affects your dexterity (+4).
   It affects your resistance to hostile enchantments.
   It makes you more stealthy.
Wands
 y - a wand of paralysis (57)
 z - a wand of acid (25)
 G - a wand of disintegration (35)
 L - a wand of digging (11)
 M - a wand of clouds (4)
 N - a wand of iceblast (19)
 T - a wand of polymorph (9)
Scrolls
 b - 3 scrolls of identify
 f - 6 scrolls of remove curse
 g - a scroll of acquirement
 j - 5 scrolls of enchant armour
 o - 2 scrolls of magic mapping
 A - 9 scrolls of teleportation
 E - 6 scrolls of fear
 F - 2 scrolls of fog
 J - 3 scrolls of silence
 Q - 4 scrolls of blinking
 V - a scroll of brand weapon
Potions
 c - 5 potions of might
 e - a potion of berserk rage
 k - 2 potions of cancellation
 n - 4 potions of mutation
 p - 4 potions of haste
 q - 5 potions of brilliance
 t - 5 potions of agility
 u - 12 potions of curing
 w - 4 potions of flight
 I - 6 potions of ambrosia
 X - a potion of invisibility
Books
 W - a manual of Stealth
Miscellaneous
 U - a phial of floods
Comestibles
 d - 39 rations


   Skills:
 * Level 12.9 Fighting
 * Level 1.4 Short Blades
 * Level 8.5 Throwing
 + Level 4.3 Armour
 + Level 11.0 Dodging
 + Level 7.9 Stealth
 + Level 13.7 Shields
 + Level 20.2 Unarmed Combat
 + Level 3.9 Spellcasting
 + Level 0.7 Evocations


You had 25 spell levels left.
You didn't know any spells.
Your spell library contained the following spells:

 Spells                   Type           Power        Failure   Level  Hunger
 Animate Skeleton         Necr           N/A          45%         1    ##.....
 Magic Dart               Conj           #...         45%         1    ##.....
 Pain                     Necr           #...         45%         1    ##.....
 Call Imp                 Summ           #.......     61%         2    ###....
 Corpse Rot               Necr           N/A          61%         2    ###....
 Ensorcelled Hibernation  Hex/Ice        #.....       61%         2    ###....
 Poisonous Vapours        Pois/Air       #.....       61%         2    ###....
 Searing Ray              Conj           #.....       61%         2    ###....
 Shroud of Golubria       Chrm/Tloc      #.........   61%         2    ###....
 Swiftness                Chrm/Air       #.......     61%         2    ###....
 Throw Frost              Conj/Ice       #.....       61%         2    ###....
 Conjure Flame            Conj/Fire      #.......     83%         3    ####...
 Dazzling Spray           Conj/Hex       #.....       83%         3    ####...
 Gell's Gravitas          Tloc           #.........   83%         3    ####...
 Mephitic Cloud           Conj/Pois/Air  #.......     83%         3    ####...
 Portal Projectile        Hex/Tloc       #.....       83%         3    ####...
 Recall                   Summ/Tloc      N/A          83%         3    ####...
 Regeneration             Chrm/Necr      #.........   83%         3    ####...
 Stone Arrow              Conj/Erth      #.....       83%         3    ####...
 Vampiric Draining        Necr           #.........   83%         3    ####...
 Animate Dead             Necr           N/A          99%         4    #####..
 Force Lance              Conj/Tloc      #.......     99%         4    #####..
 Fulminant Prism          Conj/Hex       #.........   99%         4    #####..
 Iskenderun's Mystic Bla  Conj           #.......     99%         4    #####..
 Leda's Liquefaction      Hex/Erth       #.........   99%         4    #####..
 Passage of Golubria      Tloc           N/A          99%         4    #####..
 Aura of Abjuration       Summ           #.........   100%        5    ######.
 Bolt of Magma            Conj/Fire/Erth #.........   100%        5    ######.
 Irradiate                Conj/Tmut      #.........   100%        5    ######.
 Summon Demon             Summ           #.........   100%        5    ######.
 Summon Forest            Summ/Tloc      #.........   100%        5    ######.
 Summon Mana Viper        Hex/Summ       #.......     100%        5    ######.
 Bolt of Cold             Conj/Ice       #.........   100%        6    #######
 Dispersal                Tloc           #.........   100%        6    #######
 Freezing Cloud           Conj/Ice/Air   #.........   100%        6    #######
 Hydra Form               Tmut           #.........   100%        6    #######
 Shadow Creatures         Summ           N/A          100%        6    #######
 Simulacrum               Ice/Necr       #.........   100%        6    #######
 Statue Form              Tmut/Erth      #........    100%        6    #######
 Dragon Form              Tmut           #.........   100%        7    #######
 Ring of Flames           Chrm/Fire      #.........   100%        7    #######
 Summon Hydra             Summ           #.........   100%        7    #######
 Controlled Blink         Tloc           N/A          100%        8    #######
 Disjunction              Tloc           #.........   100%        8    #######


Dungeon Overview and Level Annotations

Branches:
Dungeon (15/15)            Temple (0/1) D:4            Lair (6/6) D:10
 Shoals (0/4) Lair:3       Spider (4/4) Lair:4        Slime (0/5) Lair:6
    Orc (2/2) D:9             Elf (2/3) Orc:2        Vaults (0/5) D:14
 Depths (2/5) D:15           Hell (1/1)
    Dis: Hell:1         Geh: Hell:1         Coc: Hell:1         Tar: Hell:1

Altars:
Cheibriados
Dithmenos
Elyvilon
Fedhas
Gozag
Hepliaklqana
Kikubaaqudgha
Makhleb
Nemelex Xobeh
Qazlal
Uskayaw
Vehumet
Wu Jian
Xom
Zin
The Shining One
Jiyva

Shops:
Orc:1 *   Orc:2 =%=((   Elf:2 =}}

Portals:
Hell: Depths:1 Depths:2

Annotations:
Lair:3 1 runed door, btonasse's ghost, journeyman FoCK
Spider:1 1 runed door, Ruupoynew's ghost, adept HOFi
Elf:2 3 runed doors, exclusion: 3 doors
Hell Geryon


Innate Abilities, Weirdness & Mutations

You are too large for most types of armour.
You have claws for hands.
Your metabolism is lightning-fast.
You like to eat raw meat.
Your natural rate of healing is unusually fast.
You are covered in fur. (AC +1)
You have very tough skin. (AC +2)
Armour fits poorly on your strangely shaped body.


Message History

You block the shadow's attack.
The tengu conjurer mumbles some strange words.
Unknown command.
Unknown command.
Unknown command.
Unknown command.
Unknown command.
Unknown command.
Unknown command.
You spin and attack the frost giant repeatedly.
You eviscerate the frost giant!!!
The frost giant is almost dead.
You mangle the frost giant!!
You kill the frost giant!
The Council accepts your kill.
Your phial of floods has recharged.
Your Dodging skill increases to level 11!
A battlesphere comes into view.
The spriggan berserker hits you with a +2 antimagic war axe!!
You die...

##....## ##........ #8....8#
##⌠?....... ##....##
##[(.☼.Q...# #8..).8#
##°..☼§G..## ##....##
##§☼°TTQ.Q'#.. #8..[.8#
##☼☼Y°§).#'.... ##....##
#§§CWC..##.Q...
#######''#####§☼☼§..##..*.QT
#≈≈≈≈....§§@##CC§§)##...Q.8.
#≈≈≈.....§Wi*Q°☼§###(......D
#≈≈......§§§G§○T☼###.......C
#≈.......☼§§§☼☼☼§☼☼##.......
#.....≈≈≈§☼§§☼§☼§§§.##(.....
#....≈≈≈≈≈.§§§☼§≈..○.#
#...≈≈(..≈≈..........#
#.).≈≈(..≈≈......._.∩#
#...≈≈?).≈≈..........#


You could see a glowing orange brain, a spriggan berserker (berserk), a tengu
conjurer, a shadow and a battlesphere.

Vanquished Creatures
  Margery (Depths:1)
  Geryon (Hell)
  Arachne (Spider:4)
  Rupert (D:14)
  Kirke (D:12)
  A tengu reaver (Depths:2)
  2 fire giants (Depths:1)
  2 frost giants
  5 ghost moths
  A balrug (Depths:2)
  2 deep elf sorcerers
  4 emperor scorpions (Spider:4)
  An ironheart preserver (D:14)
  2 imperial myrmidons (Desolation)
  A reaper (IceCv)
  3 stone giants
  2 entropy weavers
  4 very ugly things (Depths:2)
  A halazid warlock (Desolation)
  A minotaur (Gauntlet)
  A vampire knight (Depths:2)
  The ghost of Vich the Severer, a journeyman MiBe of Trog (Orc:1)
  3 spark wasps
  A crystal guardian (Desolation)
  A blizzard demon (Depths:2)
  2 ettins
  8 ragged hierophants (Desolation)
  6 servants of whispers (Desolation)
  2 deep elf high priests (Depths:2)
  A fire dragon (Lair:6)
  A rakshasa (Depths:2)
  2 catoblepae
  Fannar (Lair:2)
  5 hydras
  6 peacekeepers (Desolation)
  A centaur warrior (D:13)
  Erica (Lair:2)
  13 two-headed ogres
  11 dancing weapons
  10 tengu warriors
  2 ogre magi
  2 deep troll shamans
  5 death yaks (Lair:6)
  5 orc high priests
  7 deep elf knights
  3 spriggan berserkers (Depths:2)
  4 sun demons
  2 soul eaters (Depths:2)
  Sonja (D:11)
  8 hell knights (Depths:1)
  A skeletal warrior (D:14)
  3 sixfirhies
  2 unseen horrors
  6 deep trolls
  A swamp dragon (Lair:6)
  2 quicksilver dragon simulacra (Depths:2)
  A glowing orange brain (Depths:1)
  4 orc knights
  Pikel (D:9)
  6 deep elf archers
  6 ironbrand convokers (Desolation)
  An orb spider (shapeshifter) (Elf:1)
  22 wolf spiders
  2 phantasmal warriors (Depths:2)
  A necromancer (Depths:1)
  23 orb spiders
  47 deep elf magi
  4 manticores
  7 orc sorcerers
  15 ugly things
  2 cyclopes
  A moth of wrath (Spider:3)
  5 oklob plants
  6 black mambas
  14 elephants
  Maurice (D:13)
  3 guardian serpents (Desolation)
  2 torpor snails (Spider:4)
  3 ice statues
  Joseph (D:8)
  A stone giant skeleton (Depths:1)
  2 molten gargoyles (Desolation)
  2 gargoyles (Gauntlet)
  7 spiny frogs
  8 rime drakes
  3 kobold demonologists
  9 komodo dragons
  7 yaktaurs
  14 demonic crawlers
  5 efreet
  13 ice devils
  2 tengu conjurers
  A queen bee (Lair:2)
  A freezing wraith (Depths:2)
  3 red devils (Depths:2)
  11 hornets
  A polar bear (shapeshifter) (Elf:2)
  3 meliai (Gauntlet)
  A wind drake (shapeshifter) (Depths:1)
  50 jumping spiders
  10 trolls
  A sphinx simulacrum (Depths:1)
  13 polar bears
  5 raiju (Lair:6)
  20 hippogriffs
  48 saltlings (Desolation)
  16 blink frogs
  A slime creature (shapeshifter) (Depths:1)
  4 slime creatures (Depths:2)
  3 shadows
  A vampire (D:13)
  A fire dragon skeleton (Depths:1)
  A wraith (Depths:2)
  An air elemental (Elf:1)
  22 tarantellas
  2 flying skulls (Depths:2)
  6 water elementals
  36 redbacks
  A spriggan (D:9)
  2 spriggans (shapeshifter)
  21 yaks
  4 fire elementals
  5 wyverns
  A basilisk (shapeshifter) (D:15)
  7 hogs (D:12)
  3 steam dragons
  5 basilisks
  A neqoxec (Gauntlet)
  A golden eye (shapeshifter) (Elf:2)
  Eustachio (D:5)
  3 chaos spawn (Gauntlet)
  A hungry ghost (D:9)
  3 vampire mosquitoes (D:13)
  6 wargs
  4 acid dragons
  8 water moccasins
  10 porcupines
  15 hell hounds
  36 orc warriors
  6 sky beasts
  11 black bears (Lair:6)
  3 hornet zombies
  2 eyes of draining
  3 ettin simulacra (Depths:2)
  An ice beast (D:7)
  5 phantoms
  4 boggarts (D:14)
  A tengu (shapeshifter) (Depths:2)
  26 wolves
  14 ogres
  14 centaurs
  6 big kobolds
  16 crocodiles
  Blork the orc (D:6)
  16 bullfrogs
  A gnoll sergeant (Orc:2)
  2 earth elementals
  8 scorpions
  2 wyvern skeletons
  8 wights
  2 troll zombies (D:9)
  41 killer bees
  5 electric eels
  6 howler monkeys
  A bullfrog zombie (D:8)
  6 centaur zombies
  8 crimson imps
  2 quasits
  3 jellies
  30 orc priests
  7 centaur skeletons
  4 hounds
  38 orc wizards
  2 bullfrog skeletons
  Ijyb (D:5)
  8 iguanas
  16 worker ants
  A hell rat (Lair:2)
  6 ogre zombies (D:9)
  A hound zombie (D:10)
  2 hound skeletons
  2 worker ant zombies
  10 gnolls
  12 adders
  3 shadow imps
  8 white imps (IceCv)
  An ooze (D:3)
  5 ufetubi (IceCv)
  An adder zombie (D:5)
  An adder skeleton (D:8)
  6 worms
  A dart slug (D:2)
  8 leopard geckos
  117 orcs
  9 bats
  8 giant cockroaches
  6 goblins
  11 hobgoblins
  9 jackals
  4 quokkas
  2 ball pythons
  5 frilled lizards
  2 goblin skeletons (D:9)
  3 goblin zombies (D:9)
  2 hobgoblin zombies (D:9)
  30 kobolds
  A leopard gecko skeleton (D:4)
  3 orc skeletons (D:9)
  15 orc zombies (D:9)
  11 rats
  2 plants (Lair:6)
1457 creatures vanquished.

Vanquished Creatures (collateral kills)
  A soul eater (Hell)
1 creature vanquished.

Vanquished Creatures (others)
  2 deep elf knights
  A deep elf mage (Elf:1)
  A yaktaur (D:15)
  A hippogriff (D:11)
  A floating eye (Depths:2)
  8 centaurs
  3 white imps (IceCv)
  6 ufetubi (IceCv)
  A kobold (D:13)
  11 fungi (Lair:6)
  49 plants
84 creatures vanquished.

Grand Total: 1542 creatures vanquished

Notes
Turn   | Place    | Note
-------+----------+-------------------------------------------
     0 | D:1      | Morbidden the Troll Fighter began the quest for the Orb.
     0 | D:1      | Reached XP level 1. HP: 22/22 MP: 0/0
   210 | D:1      | Reached XP level 2. HP: 27/29 MP: 1/1
   636 | D:1      | Reached XP level 3. HP: 36/36 MP: 2/2
  1336 | D:2      | Reached XP level 4. HP: 32/44 MP: 3/3
  1398 | D:2      | Found an ornate altar of the Wu Jian Council.
  1414 | D:2      | Became a worshipper of the Wu Jian Council
  1616 | D:2      | Reached skill level 3 in Unarmed Combat
  2138 | D:3      | Reached * piety under Wu Jian
  2138 | D:3      | Reached XP level 5. HP: 52/52 MP: 4/4
  2457 | D:3      | Reached skill level 4 in Unarmed Combat
  2575 | D:4      | Found a white marble altar of Elyvilon.
  2711 | D:4      | Got a brightly glowing steel amulet
  2775 | D:4      | Reached XP level 6. HP: 57/59 MP: 5/5
  2784 | D:4      | Reached skill level 5 in Unarmed Combat
  2840 | D:4      | Found a staircase to the Ecumenical Temple.
  3329 | D:4      | Found a burning altar of Makhleb.
  3581 | D:5      | Entered Level 5 of the Dungeon
  3591 | D:5      | Identified the amulet "Sefus" {Reflect Fragile Dex+9 SH+5}
                  | (You found it on level 4 of the Dungeon)
  3655 | D:5      | Found a hide-covered altar of Uskayaw.
  3655 | D:5      | Found a radiant altar of Vehumet.
  3669 | D:5      | Reached ** piety under Wu Jian
  3750 | D:5      | Noticed Eustachio
  3765 | D:5      | Killed Eustachio
  3765 | D:5      | Reached skill level 6 in Unarmed Combat
  3765 | D:5      | Reached XP level 7. HP: 61/66 MP: 6/6
  3820 | D:5      | Found a stormy altar of Qazlal.
  4026 | D:5      | Noticed Ijyb
  4034 | D:5      | Killed Ijyb
  4432 | D:6      | Reached skill level 7 in Unarmed Combat
  4494 | D:6      | Reached skill level 8 in Unarmed Combat
  4494 | D:6      | Reached XP level 8. HP: 72/74 MP: 7/7
  4522 | D:6      | Noticed Blork the orc
  4532 | D:6      | Killed Blork the orc
  4573 | D:6      | Reached skill level 1 in Stealth
  4802 | D:6      | Reached *** piety under Wu Jian
  4894 | D:6      | Reached skill level 9 in Unarmed Combat
  4913 | D:6      | Found an ancient bone altar of Kikubaaqudgha.
  5236 | D:7      | Reached skill level 1 in Throwing
  5294 | D:7      | Found a shimmering altar of Xom.
  5294 | D:7      | Found a shimmering altar of Xom.
  5295 | D:7      | Found a shimmering altar of Xom.
  5296 | D:7      | Found a shimmering altar of Xom.
  5303 | D:7      | Found a shimmering altar of Xom.
  5303 | D:7      | Found a shimmering altar of Xom.
  5563 | D:7      | Reached XP level 9. HP: 81/81 MP: 8/8
  5600 | D:7      | Reached skill level 10 in Unarmed Combat
  5855 | D:7      | Found a sparkling altar of Nemelex Xobeh.
  5978 | D:7      | Found a stormy altar of Qazlal.
  6267 | D:8      | Noticed Joseph
  6276 | D:8      | Killed Joseph
  6499 | D:8      | Reached **** piety under Wu Jian
  7260 | D:8      | Found a snail-covered altar of Cheibriados.
  7412 | D:9      | Reached skill level 11 in Unarmed Combat
  7420 | D:9      | Reached XP level 10. HP: 72/92 MP: 9/9
  7434 | D:9      | Found a hazy altar of Hepliaklqana.
  7437 | D:9      | Reached skill level 5 in Dodging
  7592 | D:9      | Reached skill level 5 in Shields
  7747 | D:9      | Reached ***** piety under Wu Jian
  7795 | D:9      | Found a staircase to the Orcish Mines.
  8026 | D:9      | Noticed Pikel
  8032 | D:9      | Killed Pikel
  8032 | D:9      | Reached skill level 5 in Fighting
  8105 | D:9      | You fall through a shaft for 2 floors!
  8121 | D:11     | Identified a scroll of acquirement
  8202 | D:11     | Reached skill level 12 in Unarmed Combat
  8239 | D:11     | Noticed Sonja
  8246 | D:11     | Reached XP level 11. HP: 59/102 MP: 10/10
  8285 | D:11     | Found a flagged portal.
  8338 | Bailey   | Entered a bailey
  9173 | D:11     | You fall through a shaft for 2 floors!
  9181 | D:13     | Noticed a purple ugly thing
  9194 | D:13     | Killed a purple ugly thing
  9400 | D:13     | Found a gate leading to a gauntlet.
  9409 | Gauntlet | Entered a Gauntlet
  9409 | Gauntlet | Found a transporter.
  9409 | Gauntlet | Found a transporter.
  9415 | Gauntlet | Found a transporter.
  9415 | Gauntlet | Noticed a queen ant
  9419 | Gauntlet | Found a transporter.
  9419 | Gauntlet | Found a transporter.
  9419 | Gauntlet | Found a transporter.
  9436 | Gauntlet | Found a runed door.
  9449 | Gauntlet | Found a transporter.
  9453 | Gauntlet | Found a transporter.
  9461 | Gauntlet | Found a transporter.
  9477 | Gauntlet | Found a transporter.
  9491 | Gauntlet | Found a transporter.
  9495 | Gauntlet | Found a transporter.
  9500 | Gauntlet | Noticed a death ooze
  9596 | Gauntlet | Noticed a catoblepas
  9792 | Gauntlet | Gained mutation: Armour fits poorly on your strangely
                  | shaped body. [a neqoxec]
  9829 | Gauntlet | Got a wavering copper ring
  9831 | Gauntlet | Identified the ring "Uteek" {MR+ Int+3} (You found it in a
                  | Gauntlet)
  9938 | Gauntlet | Got a pitted cloak
  9954 | Gauntlet | Identified the cursed +0 cloak "Fiucsi" {Int+2} (You found
                  | it in a Gauntlet)
 10049 | Gauntlet | Killed a catoblepas
 10238 | Gauntlet | Got a brightly glowing hat
 10244 | Gauntlet | Identified the +1 hat "Abitaum" {rElec Int-2 Dex+6 Stlth+}
                  | (You found it in a Gauntlet)
 10283 | Gauntlet | Identified the +4 hand axe of Ucuut {vamp, Int+3}
 10283 | Gauntlet | Noticed a minotaur
 10293 | Gauntlet | Killed a minotaur
 10293 | Gauntlet | Reached skill level 13 in Unarmed Combat
 10300 | Gauntlet | Identified Diuqanil's Incunabulum of the Dusty Glacier
 10382 | D:12     | Reached XP level 12. HP: 114/114 MP: 11/11
 10536 | D:11     | Killed Sonja
 10576 | D:10     | Entered Level 10 of the Dungeon
 11028 | D:10     | Found a hide-covered altar of Uskayaw.
 11128 | D:10     | Found a staircase to the Lair.
 11564 | D:9      | Found a blossoming altar of Fedhas.
 11877 | D:12     | Noticed a four-headed hydra
 12226 | D:12     | Noticed Kirke
 12241 | D:12     | Noticed a sphinx
 12306 | D:12     | Reached skill level 1 in Armour
 12337 | D:12     | Killed Kirke
 12536 | D:12     | Killed a one-headed hydra
 12720 | D:13     | Noticed Maurice
 12725 | D:13     | Killed Maurice
 12764 | D:13     | Noticed a centaur warrior
 12770 | D:13     | Killed a centaur warrior
 13229 | D:13     | Reached XP level 13. HP: 124/124 MP: 12/12
 13234 | D:13     | Found a runed door.
 13383 | D:13     | Reached skill level 14 in Unarmed Combat
 13647 | Lair:1   | Entered Level 1 of the Lair of Beasts
 13801 | Lair:1   | Reached skill level 5 in Throwing
 14354 | Lair:2   | Noticed Fannar
 14364 | Lair:2   | Killed Fannar
 14463 | Lair:2   | Found a glowing silver altar of Zin.
 14499 | Lair:2   | Found a frozen archway.
 14515 | IceCv    | Entered an ice cave
 14872 | IceCv    | Noticed a reaper
 14883 | IceCv    | Killed a reaper
 15337 | Lair:2   | Reached ****** piety under Wu Jian
 15427 | Lair:2   | Noticed Erica
 15433 | Lair:2   | Killed Erica
 15863 | Lair:3   | Noticed btonasse's ghost (journeyman FoCK)
 15998 | Lair:3   | Found a staircase to the Shoals.
 16027 | Lair:3   | Found a runed door.
 16604 | Lair:4   | Reached XP level 14. HP: 137/137 MP: 13/13
 16725 | Lair:4   | Reached skill level 15 in Unarmed Combat
 16889 | Lair:4   | Found a hole to the Spider Nest.
 18026 | Lair:6   | Entered Level 6 of the Lair of Beasts
 18542 | Lair:6   | Reached skill level 10 in Shields
 18825 | Lair:6   | Found a viscous altar of Jiyva.
 18825 | Lair:6   | Found a staircase to the Slime Pits.
 19383 | Lair:6   | Reached skill level 16 in Unarmed Combat
 19418 | Lair:6   | Reached XP level 15. HP: 148/148 MP: 14/14
 20122 | Orc:1    | Entered Level 1 of the Orcish Mines
 20592 | Orc:1    | Noticed Vich's ghost (journeyman MiBe)
 20593 | Orc:1    | Found a runed gate.
 20594 | Orc:1    | Found a runed gate.
 20594 | Orc:1    | Found an opulent altar of Gozag.
 20595 | Orc:1    | Found a runed gate.
 20663 | Orc:1    | Found Lust's Assorted Antiques.
 20681 | Orc:1    | Killed Vich's ghost
 20953 | Orc:2    | Entered Level 2 of the Orcish Mines
 21081 | Orc:2    | Found Hoenout's Jewellery Shop.
 21084 | Orc:2    | Found a staircase to the Elven Halls.
 21176 | Orc:2    | Found a burning altar of Makhleb.
 21330 | Orc:2    | Found Lataoc's Jewellery Emporium.
 21330 | Orc:2    | Found Voukko's Food Emporium.
 21330 | Orc:2    | Found Sumesch's Antique Weapon Shoppe.
 21383 | Orc:2    | Found Goikuonn's Antique Weapon Shoppe.
 21672 | Elf:1    | Entered Level 1 of the Elven Halls
 21735 | Elf:1    | Reached skill level 10 in Fighting
 21976 | Elf:1    | Found a ruined gateway.
 21985 | Desolati | Entered the Desolation of Salt
 22029 | Desolati | Reached skill level 17 in Unarmed Combat
 22031 | Desolati | Reached skill level 5 in Stealth
 22167 | Desolati | Noticed an imperial myrmidon
 22175 | Desolati | Reached XP level 16. HP: 143/159 MP: 15/15
 22204 | Desolati | Got a translucent ivory ring
 22231 | Desolati | Got a brightly glowing bronze ring
 22254 | Desolati | Got a coiled copper ring
 22256 | Desolati | Got a fine copper ring
 22259 | Desolati | Identified the ring "Vehael" {Dex+4 Stlth-} (You found it
                  | in the Desolation of Salt)
 22261 | Desolati | Identified the cursed ring "Foxko" {MP+9 AC-3} (You found
                  | it in the Desolation of Salt)
 22263 | Desolati | Identified the ring "Wimaoq" {rElec rF+ Int+3 Slay+1} (You
                  | found it in the Desolation of Salt)
 22265 | Desolati | Identified the ring of the Rabble {MR+ Dex+4 Stlth+} (You
                  | found it in the Desolation of Salt)
 22507 | Desolati | Identified the Disquisition on Spatial Lightness
 22510 | Desolati | Got a sparkling granite ring
 22517 | Desolati | Identified the ring "Guovakk" {rC+ rN++ Dex-4} (You found
                  | it in the Desolation of Salt)
 22569 | Desolati | Identified the cursed +3 trident "Vaiwk" {pierce, *Drain
                  | rN+++ Str+3 Dex-4}
 22571 | Desolati | Identified the ring "Ocoqucko" {rN+ Dex+3}
 23098 | Elf:1    | You fall through a shaft!
 23196 | Elf:2    | Reached skill level 10 in Dodging
 23314 | Elf:2    | Reached skill level 18 in Unarmed Combat
 23474 | Elf:2    | Found Caschot's Gadget Emporium.
 23515 | Elf:2    | Found Titt's Jewellery Shop.
 23516 | Elf:2    | Found Veikluzei's Gadget Emporium.
 23717 | Elf:2    | Found a runed gate.
 23717 | Elf:2    | Found a runed gate.
 23718 | Elf:2    | Found a runed gate.
 24208 | Elf:1    | Reached XP level 17. HP: 170/170 MP: 16/16
 24469 | Elf:1    | Identified Kiawezih's Papyrus of Conjuration and the
                  | Entourage
 24905 | Spider:1 | Entered Level 1 of the Spider Nest
 25044 | Spider:1 | Reached skill level 1 in Spellcasting
 25077 | Spider:1 | Found a runed door.
 25078 | Spider:1 | Found a shimmering altar of Xom.
 25078 | Spider:1 | Noticed Ruupoynew's ghost (adept HOFi)
 26846 | Spider:4 | Entered Level 4 of the Spider Nest
 27081 | Spider:4 | Noticed Arachne
 27116 | Spider:4 | Killed Arachne
 27287 | Spider:4 | Reached skill level 19 in Unarmed Combat
 27287 | Spider:4 | Reached XP level 18. HP: 132/182 MP: 3/21
 27874 | Spider:4 | Got a gossamer rune of Zot
 28520 | D:14     | Found a gate to the Vaults.
 29091 | D:14     | Noticed Rupert
 29098 | D:14     | Killed Rupert
 29277 | D:15     | Entered Level 15 of the Dungeon
 29600 | D:15     | Found a staircase to the Depths.
 30044 | Depths:1 | Entered Level 1 of the Depths
 30203 | Depths:1 | Noticed Margery
 30204 | Depths:1 | Found a gateway to Hell.
 30219 | Depths:1 | Killed Margery
 30966 | Depths:2 | Reached XP level 19. HP: 187/191 MP: 23/23
 31209 | Hell     | Entered the Vestibule of Hell
 31209 | Hell     | Noticed Geryon
 31223 | Hell     | Killed Geryon
 31343 | Depths:2 | Found the +12 Vampire's Tooth {vamp}
 31348 | Depths:2 | Reached skill level 20 in Unarmed Combat
 31380 | Depths:2 | Found a shadowy altar of Dithmenos.
 31387 | Depths:2 | Found the ring of the Mage {Wiz MR++ Int+3}
 31556 | Depths:2 | HP: 7/192 [ettin simulacrum (16)]
 31876 | Depths:2 | Reached skill level 1 in Short Blades
 31963 | Depths:2 | Found a glowing golden altar of the Shining One.
 32001 | Depths:2 | Identified the ring "Liathroxo" {+Blink rPois rC+ Int+4
                  | SInv}
 32016 | Depths:2 | Noticed a golden dragon
 32057 | Depths:2 | Slain by a spriggan berserker

Vault maps used:
D:1:      elethiomel_arrival_infinity_welcomes_careful_drivers,
          minmay_misc_feat_doors, st_stairs_13
D:2:      nicolae_overflow_crystal_walls, minivault_14
D:4:      elyvilon_altar_5, lightli_temple_of_fire, minmay_temple_entry_mist,
          first_ration, minmay_fractal_squares_diagonal_5
D:5:      gammafunk_temple_overflow_elements, basic_altar, uniq_ijyb,
          uniq_eustachio
D:6:      lemuel_coloured_pillars_altar, uniq_blork_the_orc
D:7:      nicolae_qazlal_eye_of_the_storm, xom_redecorated,
          nemelex_diamond_rough_becter
D:8:      cheibrodos_worm_habitat, uniq_joseph
D:9:      nicolae_overflow_hidden_temple, zombieorc2_lemuel, grunt_pizzeria,
          hex_large, uniq_pikel
D:10:     david_lair_shrubbed, basic_altar, hangedman_decor_push
D:11:     enter_bailey_2, uniq_sonja
D:12:     wander_river, uniq_kirke
D:13:     cheibrodos_shockbox, gauntlet_entry_generic, amethyst_killhole,
          uniq_maurice
D:14:     skrybe_vaults_entry_preservation, hex_tiny, uniq_rupert
D:15:     hangedman_depths_entry_civil_slaughter
Lair:2:   regret_index_bee_streams, portal_ice_cave_demonic_guard,
          lemuel_oklob_altar, uniq_erica, uniq_fannar
Lair:3:   elwin_shoals_entry_rooms, hellmonk_ghost_happy_afterlife,
          serial_bayou_shore_a
Lair:4:   nicolae_spider_entry_non_spiders, st_stairs_6, grunt_megastairs_5
Lair:5:   minivault_19, lemuel_fruit_fields, grunt_megastairs_4
Lair:6:   hangedman_lair_caniforms_friends, guppyfry_lair_end_dragon,
          dpeg_slime_entry_enclosed_altar, serial_bayou_lagoon_b,
          minmay_lair_oklob_chamber
Spider:1: ebering_ghost_xom, spider_trap
Spider:3: spiders_nest_ghost_moth_duel
Spider:4: johnstein_spider_rune_arachne_lair
Orc:1:    ebering_ghost_gozag
Orc:2:    st_orc_mages, serial_shops, nicolae_shop_crystal,
          david_defended_altar_orc
Elf:1:    elf_arrival_001, portal_desolation_entry_nicolae_slug,
          hangedman_elven_crosses_minicolossus, minmay_elf_sorcery
Elf:2:    small_statue_intersection, kilobyte_mutagenic_chamber,
          minmay_shop_grove, lemuel_elevator
Depths:1: grunt_metal_band, grunt_decor_cap, kennysheep_generic_room_8,
          kennysheep_random_hallway, firewood_loft, serial_bayou_shore_b
Depths:2: grunt_profane_halls, hell_entry
Bailey:   bailey_polearm_flooded_kennysheep, bailey
IceCv:    ice_cave_small_demon
Gauntlet: minmay_gauntlet_77_indecision

Skill      XL: |  1  2  3  4  5  6  7  8  9 10 11 12 13 14 15 16 17 18 19 |
---------------+----------------------------------------------------------+-----
Shields        | 3 4 6 7 8 9 10 11 12 13 | 13.7
Unarmed Combat | 3 4 6 8 9 11 12 13 14 16 17 18 19 20 | 20.2
Dodging        | 3 4 6 7 8 9 10 11 | 11.0
Fighting       | 3 4 5 6 7 8 9 10 11 12 | 12.9
Stealth        | 1 2 3 4 5 6 7 |  7.9
Throwing       | 1 2 3 4 5 6 7 8 |  8.5
Armour         | 2 3 4 |  4.3
Spellcasting   | 2 3 |  3.9
Short Blades   | 1 |  1.4
Evocations     | |  0.7

Action                   |  1- 3 |  4- 6 |  7- 9 | 10-12 | 13-15 | 16-18 | 19-21 || total
-------------------------+-------+-------+-------+-------+-------+-------+-------++-------
Melee: Unarmed           |    98 |   185 |   275 |   778 |  1337 |  1357 |   280 ||  4310
       Scimitar          |       |       |       |     6 |    21 |       |       ||    27
Throw: Tomahawk          |       |       |    28 |    37 |    38 |    96 |       ||   199
       Javelin           |       |       |     1 |     3 |       |       |       ||     4
       Large rock        |       |       |       |       |       |     3 |       ||     3
Invok: Lunge             |       |    22 |    37 |    76 |    98 |   131 |    22 ||   386
       Whirlwind         |       |     4 |    19 |   197 |   231 |   110 |   100 ||   661
       Heavenly Storm    |       |       |       |     2 |     2 |     2 |     2 ||     8
       Serpent's Lash    |       |       |       |     4 |     7 |     3 |     4 ||    18
 Abil: Wall Jump         |       |       |       |     1 |     1 |     1 |     5 ||     8
Evoke: Wand              |       |       |       |     1 |     9 |     1 |       ||    11
       Phial of floods   |       |       |       |       |     1 |     1 |     2 ||     4
       Phantom mirror    |       |       |       |       |       |       |     1 ||     1
  Use: Scroll            |     1 |     2 |     7 |    24 |    17 |     7 |     3 ||    61
       Potion            |       |       |       |     3 |     3 |     3 |     4 ||    13
 Stab: Sleeping          |     1 |     2 |     8 |     8 |    35 |    53 |     5 ||   112
       Distracted        |       |       |     1 |     4 |     1 |     6 |     2 ||    14
       Confused          |       |       |       |       |     8 |     2 |       ||    10
  Eat: Chunk             |     5 |    19 |    27 |    38 |    76 |    70 |    10 ||   245
       Ration            |     1 |     1 |     2 |     5 |     4 |     2 |       ||    15
Armor: Robe              |    32 |    25 |    21 |    45 |     2 |       |       ||   125
       Troll leather arm |       |       |       |    28 |   116 |   141 |    20 ||   305
Dodge: Dodged            |    33 |    44 |    51 |   154 |   383 |   341 |    98 ||  1104
Block: Shield            |    44 |    51 |   149 |   119 |       |       |       ||   363
       Reflection        |       |       |     7 |    65 |    62 |    39 |     6 ||   179
       Large shield      |       |       |       |   582 |  1216 |  1218 |   256 ||  3272
       Rpst.: Scimitar   |       |       |       |     1 |     3 |       |       ||     4

Table legend:
 A = Non-vault XP
 B = Vault XP
 C = Vault XP percentage of total XP
 D = Non-vault monster count
 E = Vault monster count
 F = Vault count percentage of total count
                 A         B        C        D         E       F
            +---------+---------+-------+---------+---------+-------
      Total |  200332 |  233437 |  53.8 |     869 |     599 |  40.8
            +---------+---------+-------+---------+---------+-------
        D:1 |      50 |       2 |   3.8 |      31 |       2 |   6.1
        D:2 |      73 |       0 |   0.0 |      19 |       0 |   0.0
        D:3 |     137 |       0 |   0.0 |      27 |       0 |   0.0
        D:4 |     265 |      33 |  11.1 |      14 |       1 |   6.7
        D:5 |     221 |     226 |  50.6 |      12 |       2 |  14.3
        D:6 |     970 |      90 |   8.5 |      34 |       1 |   2.9
        D:7 |    1430 |       0 |   0.0 |      31 |       0 |   0.0
        D:8 |    1424 |     435 |  23.4 |      30 |       2 |   6.2
        D:9 |    4042 |    1508 |  27.2 |      48 |      38 |  44.2
       D:10 |    2772 |     367 |  11.7 |      49 |       1 |   2.0
       D:11 |    2373 |     508 |  17.6 |      18 |       1 |   5.3
       D:12 |    3173 |    3664 |  53.6 |      23 |       8 |  25.8
       D:13 |    9349 |    1217 |  11.5 |      41 |       2 |   4.7
       D:14 |   12008 |    6440 |  34.9 |      43 |       9 |  17.3
       D:15 |   14673 |    3700 |  20.1 |      47 |       5 |   9.6
     Lair:1 |    2903 |       0 |   0.0 |      11 |       0 |   0.0
     Lair:2 |    4099 |    9236 |  69.3 |      21 |      55 |  72.4
     Lair:3 |    1655 |       0 |   0.0 |       6 |       0 |   0.0
     Lair:4 |    3551 |    1202 |  25.3 |      14 |      12 |  46.2
     Lair:5 |    3853 |     930 |  19.4 |      17 |       1 |   5.6
     Lair:6 |   19259 |   18153 |  48.5 |      54 |      80 |  59.7
   Spider:1 |   19165 |       0 |   0.0 |      54 |       0 |   0.0
   Spider:2 |   10229 |       0 |   0.0 |      28 |       0 |   0.0
   Spider:3 |    8330 |    2995 |  26.4 |      18 |       7 |  28.0
   Spider:4 |   11179 |   31557 |  73.8 |      27 |      55 |  67.1
      Orc:1 |    3799 |    2121 |  35.8 |      28 |       4 |  12.5
      Orc:2 |    3599 |    5681 |  61.2 |      31 |      41 |  56.9
      Elf:1 |    9408 |   20495 |  68.5 |      19 |      31 |  62.0
      Elf:2 |   22318 |    1799 |   7.5 |      41 |       2 |   4.7
   Depths:1 |   18690 |   14819 |  44.2 |      26 |      13 |  33.3
   Depths:2 |    4282 |   46541 |  91.6 |       5 |      68 |  93.2
       Hell |    1053 |    3466 |  76.7 |       2 |       1 |  33.3
     Bailey |       0 |    2263 | 100.0 |       0 |      39 | 100.0
      IceCv |       0 |    5166 | 100.0 |       0 |      24 | 100.0
 Desolation |       0 |   44112 | 100.0 |       0 |      83 | 100.0
   Gauntlet |       0 |    4711 | 100.0 |       0 |      11 | 100.0
            +---------+---------+-------+---------+---------+-------
